Map: Emerald City LE

Players

Massa

  • Race: Terran Terran
  • League: Platinum
  • Spawn Location: 11:00

qqq

  • Race: Zerg Zerg
  • Spawn Location: 11:00

Csak - Winner!

  • Race: Zerg Zerg
  • League: Diamond
  • Spawn Location: 5:00

mYself - Winner!

  • Race: Zerg Zerg
  • League: Diamond
  • Spawn Location: 5:00

VOD

Have the link to the VOD?

Description

Time

  • Played on: Oct. 31, 2020, 9:20 a.m.
  • Length: 13:55
Show
View Real Time Build Order
Export as new Build Order

Massa Terran 

Build Orders: Gas First Reaper Expand 

Get SALT Encoding   

  12  0:00  SCV  
  13  0:12  SCV  
  14  0:23  Supply Depot  
  14  0:24  SCV  
  15  0:35  Refinery  
  15  0:45  SCV  
  15  0:46  Barracks  
  16  0:57  SCV  
  17  1:09  SCV  
  18  1:21  SCV  
  19  1:39  Reaper  
  20  1:43  Orbital Command  
  20  1:51  Command Center  
  20  2:07  Supply Depot  
  20  2:10  SCV  
  20  2:11  Factory  
  21  2:21  Marine  
  22  2:23  SCV  
  23  2:31  Supply Depot  
  23  2:35  SCV  
  24  2:41  Barracks Reactor  
  24  2:55  SCV  
  25  3:07  SCV  
  25  3:09  Orbital Command  
  26  3:17  Command Center  
  26  3:18  Factory Reactor  
  26  3:19  SCV  
  27  3:21  Marine  
  27  3:23  Marine  
  29  3:31  SCV  
  30  3:38  Starport  
  30  3:39  Marine  
  30  3:41  Marine  
  32  3:43  SCV  
  32  3:47  Bunker, Supply Depot  
  33  3:56  Bunker  
  33  3:58  Marine x2  
  33  4:00  Hellion  
  36  4:15  Marine  
  36  4:16  Marine  
  36  4:28  Hellion x2  
  33  4:33  Marine  
  33  4:34  Marine  
  33  4:36  SCV x2  
  37  4:42  Starport Reactor  
  37  4:44  Starport Tech Lab  
  32  4:48  SCV  
  32  4:49  Hellion  
  32  4:50  Hellion  
  37  5:11  Hellion x2  
  37  5:21  Marine x2  
  38  5:23  SCV x2  
  38  5:25  Orbital Command  
  38  5:28  Banshee  
  44  5:32  Hellion, Cloaking Field  
  44  5:35  SCV x2, Hellion  
  50  5:39  Marine x2  
  52  5:50  SCV x3  
  52  5:54  Hellion  
  52  5:56  Marine  
  52  5:57  Marine  
  58  5:58  Engineering Bay  
  58  6:02  Refinery, SCV x3  
  58  6:03  Supply Depot  
  62  6:07  Barracks  
  62  6:08  Barracks  
  62  6:14  SCV, Marine  
  58  6:44  Missile Turret  
  58  6:50  Missile Turret  
  58  6:51  Widow Mine x2  
  60  6:55  Missile Turret  
  60  6:57  Barracks Reactor, Barracks Tech Lab, Missile Turret x4  
  60  6:59  Marine x2  
  62  7:12  Widow Mine x2  
  63  7:17  Marine x2  
  65  7:35  Marine x2  
  63  7:38  Banshee  
  63  7:44  SCV x2  
  67  7:50  Refinery  
  68  7:52  Marine  
  68  7:53  Refinery, Marine  
  68  7:56  SCV x2  
  70  8:06  Orbital Command  
  70  8:08  SCV x2, Missile Turret  
  70  8:09  Missile Turret  
  70  8:10  Marine x2  
  70  8:12  Missile Turret  
  74  8:17  Hellion  
  76  8:20  SCV  
  77  8:32  Missile Turret  
  77  8:33  Missile Turret  
  77  8:35  Supply Depot  
  77  8:37  Supply Depot, Stimpack  
  77  8:38  Supply Depot  
  77  8:40  SCV, Hellion  
  77  8:41  Supply Depot  
  77  8:57  SCV x3, Marauder, Marine  
  77  8:59  Marine x3  
  77  9:01  Missile Turret  
  77  9:02  Missile Turret  
  86  9:06  Barracks  
  86  9:08  Missile Turret  
  86  9:09  SCV x3  
  89  9:14  Marine  
  89  9:17  Factory Tech Lab, Marine x3  
  90  9:19  Marauder  
  90  9:21  SCV x3  
  98  9:29  Refinery  
  98  9:30  Refinery  
  98  9:32  Marine  
  98  9:33  SCV  
  98  9:34  Marine x3, Command Center  
  103  9:40  Marauder  
  105  9:50  Marine  
  105  9:52  Marine x3  
  109  10:07  Supply Depot  
  109  10:08  Terran Infantry Weapons Level 1  
  109  10:09  Supply Depot  
  109  10:10  Supply Depot  
  109  10:12  Command Center, Supply Depot  
  109  10:16  Combat Shield  
  109  10:28  Marine x5, Siege Tank  
  109  10:30  Marine, Medivac  
  109  10:31  Marauder  
  109  10:34  Supply Depot  
  122  10:36  Supply Depot  
  122  10:37  Supply Depot  
  122  10:42  Armory  
  122  10:46  Marine x5  
  122  10:48  Marine  
  128  10:51  Sensor Tower  
  128  10:52  Marauder  
  130  10:59  Sensor Tower  
  130  11:00  Medivac, Siege Tank  
  130  11:04  Marine x2  
  135  11:06  SCV x3  
  124  11:13  Marauder  
  124  11:18  SCV x3, Missile Turret  
  122  11:30  SCV x3, Medivac  
  127  11:35  Marauder  
  127  11:42  SCV x3  
  127  11:44  Planetary Fortress  
  128  11:54  SCV  
  128  11:55  SCV x2  
  128  11:56  Marauder  
  131  12:06  SCV  
  131  12:07  SCV x2  
  129  12:18  SCV  
  129  12:19  SCV x2  
  114  12:30  SCV  
  69  12:38  Marauder, Marine  
  69  12:39  Marine x5  
  69  12:44  Missile Turret  
  77  12:46  Refinery  
  77  12:49  Liberator, Missile Turret  
  78  12:51  Missile Turret  
  78  12:56  Marine x5  
  78  12:57  Marine  
  84  12:59  Marauder  
  84  13:07  Thor  
  90  13:14  Marine x6  
  96  13:20  Marauder  
  89  13:31  Marine  
  89  13:32  Marine x5  
Show
View Real Time Build Order
Export as new Build Order

qqq Zerg 

Build Orders: Hatch First 

Get SALT Encoding   

  12  0:01  Drone  
  13  0:10  Drone  
  14  0:40  Hatchery  
  13  0:45  Drone  
  14  1:14  Overlord  
  14  1:16  Drone, Spawning Pool  
  14  1:28  Extractor, Drone  
  14  1:42  Drone x2  
  16  1:56  Drone  
  16  1:58  Drone  
  16  2:00  Drone  
  19  2:03  Queen  
  19  2:05  Queen  
  23  2:09  Drone  
  24  2:16  Drone  
  24  2:21  Drone  
  26  2:28  Drone  
  27  2:35  Overlord  
  27  2:36  Metabolic Boost  
  27  2:38  Drone  
  28  2:51  Overlord  
  28  3:01  Zergling x2  
  29  3:12  Lair  
  29  3:14  Extractor  
  29  3:16  Drone  
  29  3:20  Extractor  
  29  3:22  Zergling x6  
  29  3:23  Zergling x2  
  29  3:24  Drone  
  29  3:25  Drone x3  
  29  3:26  Drone  
  37  3:29  Drone  
  38  3:35  Drone  
  39  3:44  Spine Crawler  
  39  3:47  Zergling x6  
  42  3:48  Zergling x2  
  42  4:03  Overlord  
  41  4:19  Spine Crawler  
  41  4:20  Overlord  
  41  4:21  Overlord  
  36  4:36  Drone x5  
  36  4:37  Drone x2  
  43  4:38  Spine Crawler  
  35  4:55  Drone, Zergling x2  
  35  4:56  Zergling x6, Spire  
  35  4:57  Zergling x2  
  28  5:08  Drone x2, Spine Crawler  
  28  5:09  Zergling x4  
  31  5:20  Drone, Baneling Nest  
  31  5:34  Spine Crawler  
  30  5:36  Drone x2  
  30  5:40  Drone  
  33  5:49  Drone  
  34  5:50  Drone  
  34  5:51  Drone  
  34  5:54  Drone  
  34  5:57  Drone  
  38  6:02  Drone  
  39  6:08  Mutalisk  
  41  6:14  Mutalisk  
  41  6:15  Mutalisk  
  44  6:28  Mutalisk x2  
  44  6:29  Mutalisk  
  50  6:40  Mutalisk  
  50  6:41  Drone  
  50  6:42  Drone x2  
  54  6:52  Overlord  
  54  6:53  Mutalisk  
  51  6:56  Spore Crawler  
  51  6:58  Spore Crawler  
  49  7:02  Extractor  
  49  7:03  Extractor  
  49  7:04  Drone  
  48  7:13  Mutalisk  
  48  7:15  Drone  
  51  7:29  Drone  
  52  7:31  Overlord x2  
  52  7:41  Overlord  
  52  7:46  Overlord  
  52  8:14  Mutalisk x2  
  52  8:16  Drone x3  
  59  8:30  Mutalisk x2  
  59  8:32  Drone  
  64  8:34  Queen  
  66  8:46  Zerg Flyer Weapons Level 1  
  66  8:52  Hydralisk Den  
  66  8:53  Mutalisk  
  66  8:54  Mutalisk  
  69  8:59  Hatchery  
  69  9:01  Drone x2  
  70  9:06  Drone  
  71  9:19  Mutalisk x2  
  71  9:20  Drone  
  75  9:59  Muscular Augments  
  75  10:12  Hydralisk x3  
  81  10:14  Infestation Pit  
  81  10:18  Drone x2, Evolution Chamber  
  81  10:19  Drone x2, Evolution Chamber  
  82  10:21  Spore Crawler  
  82  10:22  Spore Crawler  
  82  10:25  Mutalisk  
  82  10:35  Overlord  
  82  10:36  Overlord  
  82  10:40  Zerg Flyer Armor Level 1  
  82  10:55  Mutalisk x3  
  82  10:56  Drone x2  
  82  10:57  Drone  
  90  11:11  Grooved Spines  
  85  11:15  Drone x3  
  85  11:16  Drone x2  
  90  11:24  Mutalisk x3  
  96  11:26  Drone  
  97  11:40  Overlord  
  97  11:41  Overlord x2  
  97  11:42  Drone  
  84  12:02  Hydralisk x3  
  84  12:03  Hydralisk x2  
  84  12:04  Drone  
  77  12:39  Mutalisk x5  
  77  12:42  Drone  
  77  12:43  Drone x5  
  85  12:51  Lurker Den  
  85  12:53  Hydralisk  
  86  13:04  Hydralisk x3  
  92  13:06  Drone  
  79  13:27  Mutalisk x3  
  69  13:28  Drone x3  
  69  13:29  Drone x3  
Show
View Real Time Build Order
Export as new Build Order

Csak Zerg - Winner!

Build Orders: Hatch First 

Get SALT Encoding   

  12  0:05  Drone  
  13  0:11  Drone  
  14  0:24  Extractor  
  14  0:25  Extractor  
  14  0:26  Drone x2  
  16  0:46  Hatchery  
  15  0:51  Overlord  
  15  1:13  Spawning Pool  
  15  1:16  Drone  
  15  1:22  Drone  
  16  1:27  Drone  
  16  1:31  Drone  
  18  1:34  Extractor  
  18  1:38  Drone  
  18  1:54  Drone  
  18  2:01  Queen x2  
  23  2:14  Drone  
  24  2:16  Drone  
  24  2:17  Drone  
  24  2:20  Zergling x2  
  24  2:21  Zergling x2  
  28  2:27  Overlord  
  27  2:43  Zergling x2  
  28  2:46  Zergling x6  
  31  2:52  Metabolic Boost  
  31  2:57  Baneling Nest  
  30  2:59  Drone  
  30  3:01  Zergling x2  
  32  3:11  Zergling x8  
  36  3:23  Overlord x2  
  36  3:56  Zergling x8  
  36  3:57  Zergling x12  
  36  3:58  Zergling x4  
  48  4:08  Baneling  
  48  4:10  Baneling x5  
  28  5:19  Drone  
  28  5:20  Drone x6  
  28  5:21  Drone x3  
  35  5:28  Lair  
  35  5:32  Drone x2  
  37  5:37  Extractor  
  37  5:38  Drone  
  37  5:39  Drone  
  38  5:43  Hatchery  
  37  5:50  Evolution Chamber  
  37  5:51  Drone x2, Evolution Chamber  
  37  5:57  Hatchery, Zergling x2  
  37  5:58  Zergling x6  
  40  6:10  Drone x2  
  40  6:11  Drone  
  43  6:15  Extractor  
  43  6:16  Extractor  
  41  6:21  Zergling x4  
  41  6:25  Baneling x4  
  43  6:26  Baneling  
  43  6:31  Zergling x4  
  43  6:32  Zergling x6  
  48  6:33  Zergling x6  
  48  6:55  Zergling x8  
  52  7:05  Drone x3  
  55  7:09  Zerg Melee Weapons Level 1  
  55  7:10  Zerg Ground Armor Level 1  
  55  7:11  Centrifical Hooks  
  55  7:13  Drone x2  
  55  7:14  Drone  
  58  7:19  Drone x3  
  61  7:42  Baneling x2  
  61  7:43  Baneling x8  
  61  7:44  Baneling x5  
  61  7:45  Baneling x2  
  61  7:46  Zergling x6  
  61  7:48  Overlord x2  
  49  8:22  Drone x8  
  49  8:23  Drone x5  
  59  8:32  Extractor  
  59  8:33  Extractor  
  57  8:36  Infestation Pit  
  57  8:37  Spore Crawler  
  57  8:38  Spore Crawler  
  57  8:41  Drone x5  
  57  8:42  Drone x3  
  57  8:45  Spore Crawler  
  57  8:47  Spore Crawler  
  60  8:49  Drone x2  
  60  8:50  Spine Crawler  
  60  8:53  Drone  
  60  8:54  Drone x3  
  65  9:00  Spore Crawler  
  65  9:01  Spine Crawler  
  63  9:13  Hive  
  63  9:15  Zerg Melee Weapons Level 2  
  63  9:17  Zerg Ground Armor Level 2  
  63  9:29  Extractor  
  63  9:30  Extractor  
  61  9:35  Drone  
  61  9:36  Drone x6  
  61  9:37  Drone x7  
  75  9:41  Spore Crawler  
  75  9:43  Spore Crawler  
  73  10:12  Overlord x4  
  73  10:13  Overlord x2  
  73  10:14  Overlord x2  
  73  10:17  Drone x3  
  73  10:18  Drone x3  
  79  10:30  Hatchery, Overseer  
  79  10:31  Pneumatized Carapace  
  79  10:32  Ultralisk Cavern  
  79  10:33  Extractor  
  76  10:37  Extractor  
  76  10:42  Drone x3  
  78  11:02  Drone x3  
  78  11:03  Drone x3  
  84  11:04  Drone  
  84  11:05  Drone x5  
  90  11:20  Chitinous Plating  
  90  11:29  Overlord x2  
  90  11:30  Overlord x4  
  90  11:31  Overlord x2  
  90  11:43  Ultralisk x6  
  126  11:50  Ultralisk  
  132  11:56  Ultralisk  
  138  12:01  Ultralisk  
  138  12:07  Ultralisk  
  150  12:16  Ultralisk  
  152  12:39  Anabolic Synthesis  
  152  12:53  Ultralisk x2  
  152  12:54  Ultralisk x3  
  182  13:03  Hatchery  
Show
View Real Time Build Order
Export as new Build Order

mYself Zerg - Winner!

Build Orders: Hatch First, Muta Ling Bane 

Get SALT Encoding   

  12  0:00  Drone  
  13  0:07  Drone  
  14  0:16  Overlord  
  14  0:24  Extractor  
  14  0:25  Drone  
  15  0:35  Drone x2  
  17  0:55  Drone  
  17  0:57  Hatchery  
  17  0:58  Drone  
  18  1:11  Extractor  
  18  1:14  Spawning Pool  
  16  1:20  Drone x2  
  18  1:27  Drone  
  19  1:37  Overlord  
  19  1:50  Drone  
  20  2:02  Queen  
  20  2:04  Zergling x2  
  20  2:08  Queen  
  23  2:09  Zergling x2  
  23  2:10  Drone  
  23  2:12  Metabolic Boost  
  27  2:20  Drone x2  
  29  2:30  Drone  
  30  2:41  Hatchery  
  30  2:42  Overlord  
  29  2:48  Zergling x4  
  31  3:00  Baneling Nest  
  31  3:02  Drone x2  
  31  3:04  Drone x2  
  34  3:15  Queen  
  36  3:20  Overlord  
  36  3:21  Drone  
  36  3:22  Drone  
  38  3:27  Drone x2  
  40  3:35  Lair  
  40  3:36  Drone  
  41  3:51  Extractor x2  
  39  3:56  Baneling  
  39  3:57  Baneling x3  
  37  4:04  Extractor, Drone x2  
  37  4:05  Drone x4  
  37  4:06  Drone x3  
  45  4:12  Drone  
  45  4:22  Drone x3  
  45  4:23  Drone  
  48  4:35  Drone  
  48  4:36  Spire  
  48  4:37  Drone x3  
  51  4:39  Overlord  
  51  4:41  Overlord  
  51  4:49  Drone  
  51  4:51  Drone  
  51  4:52  Evolution Chamber  
  52  4:53  Evolution Chamber  
  51  5:02  Overlord  
  51  5:08  Drone x8  
  51  5:11  Drone, Extractor  
  51  5:13  Drone  
  51  5:14  Drone  
  61  5:22  Drone x3  
  61  5:26  Extractor  
  63  5:32  Overlord  
  63  5:33  Overlord  
  63  5:35  Drone x3  
  66  5:36  Overlord  
  66  5:45  Drone x2  
  66  5:46  Drone x4  
  66  5:48  Drone  
  73  6:05  Mutalisk x8  
  73  6:06  Mutalisk  
  73  6:10  Zergling x2  
  92  6:16  Zergling x4  
  94  6:19  Zergling x2  
  94  6:24  Overlord x2, Zerg Flyer Weapons Level 1  
  75  6:39  Baneling x2  
  73  6:42  Baneling x4  
  73  6:44  Mutalisk x2  
  73  6:45  Mutalisk x2  
  81  6:51  Queen  
  81  6:53  Drone x3  
  86  6:54  Drone  
  86  6:55  Drone x6  
  93  7:01  Overlord  
  93  7:02  Overlord  
  93  7:17  Drone x2  
  93  7:18  Drone x3  
  98  7:26  Mutalisk x4  
  106  7:35  Hatchery  
  105  7:41  Drone x2  
  105  7:42  Drone x2  
  109  7:47  Mutalisk  
  109  7:48  Mutalisk x2  
  109  7:50  Overlord x2  
  115  7:54  Infestation Pit  
  114  8:08  Mutalisk  
  114  8:09  Mutalisk  
  114  8:10  Mutalisk  
  120  8:13  Zergling x6  
  120  8:14  Zergling x8  
  120  8:18  Zerg Flyer Armor Level 1  
  127  8:22  Overseer  
  127  8:23  Overseer  
  127  8:26  Zergling x2  
  128  8:27  Zergling x16  
  128  8:29  Overseer  
  136  8:35  Drone x2  
  136  8:42  Zergling x4  
  138  8:52  Hive  
  138  8:53  Pneumatized Carapace  
  138  8:55  Extractor, Queen  
  138  8:57  Drone x3  
  138  8:58  Drone x2  
  138  8:59  Extractor  
  143  9:04  Baneling x3  
  143  9:05  Baneling x10  
  143  9:12  Overlord  
  143  9:13  Overlord  
  143  9:15  Overlord x2  
  143  9:16  Overlord  
  143  9:28  Drone x3  
  143  9:31  Drone x3  
  141  9:39  Centrifical Hooks  
  141  9:40  Extractor  
  141  9:41  Hatchery  
  141  9:43  Extractor  
  131  9:46  Zergling x24  
  131  9:49  Baneling  
  131  9:50  Baneling x5  
  141  9:55  Mutalisk  
  141  9:56  Mutalisk x4  
  151  10:13  Zerg Flyer Weapons Level 2  
  151  10:16  Zerg Ground Armor Level 1  
  151  10:17  Zerg Melee Weapons Level 1, Overlord  
  151  10:21  Zergling x12  
  152  10:22  Zergling x2  
  152  10:26  Overlord x6  
  158  10:34  Drone  
  158  10:35  Drone  
  160  10:37  Drone  
  160  10:38  Drone  
  160  10:40  Baneling x11  
  160  10:41  Baneling x3  
  162  10:45  Drone  
  162  10:46  Drone x4  
  148  11:11  Mutalisk  
  148  11:12  Mutalisk x10  
  160  11:20  Baneling x9  
  160  11:22  Queen  
  163  11:25  Drone  
  163  11:27  Drone x3  
  163  11:28  Drone x3  
  169  11:37  Zergling x2  
  169  11:38  Zergling x12  
  171  11:41  Zergling x2  
  169  11:59  Zergling x4  
  169  12:00  Zergling x4  
  163  12:01  Zergling x4  
  159  12:09  Zergling x2  
  159  12:10  Zergling x20  
  165  12:31  Mutalisk x3  
  165  12:32  Mutalisk x5  
  165  12:35  Overseer  
  176  12:48  Hatchery  
  176  12:50  Drone x3  
  176  12:51  Drone x4  
  182  12:57  Mutalisk x3  
  188  13:05  Overlord  
  188  13:06  Mutalisk  
  188  13:07  Hatchery, Mutalisk x5  
Tags
 
Add a new tag
Caveats
  • Supply blocks, unpowered buildings, or Contaminate may cause inaccurate times.
  • Supply counts are checked every 10 seconds.